Selects Heavy Armor Battlegroup
Construct Section Command Post
Selects Rigorous Vehicle Training
Construct Platoon Command Post
Selects Light Vehicle Withdraw and Refit
Light Vehicle Withdraw and Refit
6-pounder Anti-tank Gun Team
6-pounder Anti-tank Gun Team
Construct Field Infirmary
Light Vehicle Withdraw and Refit
Construct Company Command Post
Unlock M3 Grant Medium Tanks
Selects Forward Repair Assembly